 Dungeon Crawl Stone Soup version 0.26-a0-651-gb41185065b (webtiles) character file.

Game seed: 12732760112378451638

2207 vurker the Sneak (level 9, -3/65 HPs)
             Began as a Gnoll Enchanter on Oct 12, 2020.
             Was a Believer of Cheibriados.
             Slain by a harpy zombie (5 damage)
             ... on level 8 of the Dungeon.
             The game lasted 00:12:32 (8356 turns).

vurker the Sneak (Gnoll Enchanter)                  Turns: 8356, Time: 00:12:33

Health: -3/65      AC: 12    Str: 16    XL:     9   Next: 34%
Magic:  18/18      EV:  9    Int: 24    God:    Cheibriados [**....]
Gold:   377        SH: 15    Dex: 25    Spells: 21/21 levels left

rFire    . . .     SeeInvis .   j - +4 mace
rCold    . . .     Faith    .   C - +0 kite shield
rNeg     . . .     Spirit   .   q - +0 chain mail
rPois    .         Reflect  +   z - +0 helmet
rElec    .         Harm     .   (no cloak)
rCorr    .         Rampage  .   F - +1 pair of gloves
MR       .....                  (no boots)
Stlth    +.........             s - amulet of reflection
HPRegen  0.20/turn              e - +6 ring of dexterity
MPRegen  0.16/turn              o - ring of wizardry

@: lethally poisoned (-3 -> -4), very slow
A: distributed training, fangs 1, strong nose
a: Bend Time, Renounce Religion


You were on level 8 of the Dungeon.
You worshipped Cheibriados.
Cheibriados was pleased with you.
You visited 2 branches of the dungeon, and saw 9 of its levels.
You also visited: Ossuary.

You collected 377 gold pieces.

Inventory:

Hand Weapons
 j - a +4 mace (weapon)
   (You found it on level 2 of the Dungeon)
Armour
 q - a +0 chain mail (worn)
   (You found it on level 3 of the Dungeon)
 z - a +0 helmet (worn)
   (You found it on level 4 of the Dungeon)
 C - a +0 kite shield (worn)
   (You found it on level 5 of the Dungeon)
 F - a +1 pair of gloves (worn)
   (You found it on level 7 of the Dungeon)
Jewellery
 e - a +6 ring of dexterity (left hand)
   (You found it on level 1 of the Dungeon)
 m - an uncursed amulet of the acrobat
   (You found it on level 2 of the Dungeon)
 o - a ring of wizardry (right hand)
   (You found it on level 4 of the Dungeon)
 s - an amulet of reflection (around neck)
   (You found it on level 3 of the Dungeon)
 G - an uncursed ring of fire
   (You found it on level 8 of the Dungeon)
Wands
 u - a wand of paralysis (9)
   (You found it on level 7 of the Dungeon)
 v - a wand of digging (8)
   (You took it off Ijyb on level 5 of the Dungeon)
Scrolls
 b - a scroll of enchant weapon
 d - 7 scrolls of remove curse
 f - a scroll of magic mapping
 h - a scroll of acquirement
 n - a scroll of enchant armour
 r - 3 scrolls of immolation
 y - 2 scrolls of amnesia
 B - a scroll of fog
Potions
 a - 2 potions of heal wounds
 g - 2 potions of magic
 i - 2 potions of ambrosia
 l - a potion of berserk rage {unknown}
 t - 8 potions of mutation
 w - 3 potions of curing
 x - a potion of might
 A - 4 potions of flight
 D - a potion of resistance
 E - a potion of stabbing {unknown}


   Skills:
 + Level 4.1 Fighting
 + Level 5.0 Short Blades
 + Level 4.1 Long Blades
 + Level 4.1 Axes
 + Level 4.1 Maces & Flails
 + Level 4.1 Polearms
 + Level 4.1 Staves
 + Level 4.1 Slings
 + Level 4.1 Bows
 + Level 4.1 Crossbows
 + Level 4.1 Throwing
 + Level 4.1 Armour
 + Level 6.2 Dodging
 + Level 7.3 Stealth
 + Level 4.1 Shields
 + Level 4.1 Unarmed Combat
 + Level 6.6 Spellcasting
 + Level 3.4 Conjurations
 + Level 6.5 Hexes
 + Level 3.4 Summonings
 + Level 3.4 Necromancy
 + Level 3.4 Translocations
 + Level 3.4 Transmutations
 + Level 3.4 Fire Magic
 + Level 3.4 Ice Magic
 + Level 3.4 Air Magic
 + Level 3.4 Earth Magic
 + Level 3.4 Poison Magic
 + Level 4.5 Invocations
 + Level 4.1 Evocations


You had 21 spell levels left.
You didn't know any spells.
Your spell library contained the following spells:

 Spells                   Type           Power        Failure   Level
 Corona                   Hex            #####..      13%         1
 Ensorcelled Hibernation  Hex/Ice        ####..       34%         2
 Confusing Touch          Hex            #####...     36%         3
 Tukima's Dance           Hex            #####...     36%         3
 Dazzling Flash           Conj/Hex       ####..       56%         3


Dungeon Overview and Level Annotations

Branches:
Dungeon (8/15)             Temple (1/1) D:6         Ossuary (visited)
   Lair: D:8-11

Altars:
Ashenzari
Cheibriados
Dithmenos
Fedhas
Gozag
Hepliaklqana
Okawaru
Qazlal
Ru
Xom
Yredelemnul
The Shining One

Shops:
D:4 [

Annotations:
D:4 1 runed translucent door, PeterMcNeter's ghost, amateur DEFE
D:6 1 runed translucent door, emiel's ghost, novice TrDe


Innate Abilities, Weirdness & Mutations

Your experience applies equally to all skills.
You have very sharp teeth.
Your uncanny sense of smell can sniff out nearby items.


Message History

Something shouts, "Give up, thou simpering fob-snatching Cock-Lorel!"
You hear a shout!
You block the quokka's attack.
This is a scroll of acquirement!
Unknown command.
Unknown command.
Okay, then.
You are confused.
You feel invigorated. The quokka barely misses you.
You bump into the rock wall.
The quokka closely misses you.
The shadow imp picks up a beetle and eats it.
The quokka barely misses you.
You're too confused to move!
The quokka bites you.
* * * LOW HITPOINT WARNING * * *
You hit the quokka.
You feel less invigorated.
You feel less confused. The quokka closely misses you.
You hit the quokka.
You kill the quokka!
Cheibriados appreciates the change of pace.
A hellwing comes into view.
You hit the orc priest. The orc priest closely misses you.
You block the shadow imp's attack.
You hit the orc priest.
The orc priest hits you with a +0 hand axe.
* * * LOW HITPOINT WARNING * * *
You block the shadow imp's attack.
You closely miss the orc priest.
The orc priest invokes the aid of Beogh against you.
You struggle to resist.
You block the shadow imp's attack.
You hit the orc priest.
You kill the orc priest!
Cheibriados appreciates the change of pace.
Your Short Blades skill increases to level 5!
The shadow imp puffs mist at you. You block the shadow imp's attack.
The worker ant barely misses you. You block the hellwing's attack. x2
The worker ant bites you.
* * * LOW HITPOINT WARNING * * *
You are poisoned.
The worker ant poisons you! You block the shadow imp's attack.
The hellwing hits you but does no damage. x2
You see here a +0 hand axe.
You hit the hellwing.
You feel sick.
The harpy zombie is no longer paralysed.
The harpy zombie closely misses you. You block the harpy zombie's attack.
The harpy zombie claws you!
* * * LOW HITPOINT WARNING * * *
The harpy zombie claws you.
You die...

#....#.#........# #.........###.#
#...##.#........# #..............
#.#.##.#........####.........####
.................................
#.##.#.##..#.##........##....#...
#+#*.#.......................#.##
,,,*..##..(####.#Z§..####a.#...##
,,,*#.#*,.......ZaZ.)..(.....####
,,,**.#*,,....#.@#o########### #
,,,**,**.#.##.#45#)# ******** #
,,,**,,*....#.§§§#.# *,,,,,,* #
,,,***,*.......§§..#**,,,,,,* #
,,,* *,,,...###.#........,,,* #
,,,* **,...$.............,,,* *
,******,.......##......##**** *
,,,,,,,,.......*#......# *
,,,,,,**.......+.......#******* *


You could see a hellwing, a worker ant, a shadow imp, a harpy zombie and 2
centaur warrior zombies.

Vanquished Creatures
  An ice beast (D:5)
  An orc warrior (D:8)
  A sky beast (D:8)
  A black bear (D:6)
  3 ogres
  A centaur (D:7)
  2 bullfrogs
  A gnoll sergeant (D:8)
  2 scorpions
  4 wights
  A howler monkey (D:7)
  A bullfrog zombie (D:7)
  2 centaur zombies (Ossuary)
  2 quasits
  A hound (D:4)
  A human zombie (Ossuary)
  4 orc priests
  2 jellies
  4 orc wizards
  A bullfrog skeleton (D:7)
  A centaur skeleton (D:8)
  Ijyb (D:5)
  A worker ant (D:4)
  2 hound skeletons
  2 hound zombies
  4 mummies (Ossuary)
  8 gnolls
  7 adders
  A shadow imp (D:7)
  2 white imps
  3 ufetubi
  An ooze (D:7)
  An adder zombie (D:5)
  An adder skeleton (D:5)
  2 worms (D:3)
  A dart slug (D:4)
  4 leopard geckos
  25 orcs
  4 bats
  4 giant cockroaches
  6 goblins
  3 hobgoblins
  2 jackals (D:6)
  2 kobolds
  3 quokkas
  7 frilled lizards
  2 hobgoblin zombies (Ossuary)
  A jackal skeleton (D:6)
  A kobold zombie (Ossuary)
  2 orc zombies (Ossuary)
  A quokka skeleton (D:4)
  2 rats
143 creatures vanquished.

Vanquished Creatures (others)
  3 withered plants (D:8)
3 creatures vanquished.

Grand Total: 146 creatures vanquished

Notes
Turn   | Place    | Note
-------+----------+-------------------------------------------
     0 | D:1      | vurker the Gnoll Enchanter began the quest for the Orb.
     0 | D:1      | Reached XP level 1. HP: 13/13 MP: 6/6
   350 | D:1      | Reached XP level 2. HP: 19/19 MP: 7/7
   904 | D:2      | Reached XP level 3. HP: 25/25 MP: 9/9
   915 | D:2      | Reached skill level 5 in Spellcasting
   924 | D:2      | Reached skill level 6 in Stealth
  1140 | D:2      | Found a sacrificial altar of Ru.
  1196 | D:2      | Reached skill level 1 in Invocations
  1628 | D:3      | Found a basalt altar of Yredelemnul.
  1685 | D:3      | Reached skill level 1 in Fighting
  1685 | D:3      | Reached skill level 1 in Long Blades
  1685 | D:3      | Reached skill level 1 in Axes
  1685 | D:3      | Reached skill level 1 in Maces & Flails
  1685 | D:3      | Reached skill level 1 in Polearms
  1685 | D:3      | Reached skill level 1 in Staves
  1685 | D:3      | Reached skill level 1 in Slings
  1685 | D:3      | Reached skill level 1 in Bows
  1685 | D:3      | Reached skill level 1 in Crossbows
  1685 | D:3      | Reached skill level 1 in Throwing
  1685 | D:3      | Reached skill level 1 in Armour
  1685 | D:3      | Reached skill level 1 in Shields
  1685 | D:3      | Reached skill level 1 in Unarmed Combat
  1685 | D:3      | Reached skill level 1 in Evocations
  1685 | D:3      | Reached XP level 4. HP: 26/32 MP: 11/11
  1932 | D:3      | Found a stormy altar of Qazlal.
  2026 | D:3      | Reached skill level 1 in Conjurations
  2026 | D:3      | Reached skill level 1 in Summonings
  2026 | D:3      | Reached skill level 1 in Necromancy
  2026 | D:3      | Reached skill level 1 in Translocations
  2026 | D:3      | Reached skill level 1 in Transmutations
  2026 | D:3      | Reached skill level 1 in Fire Magic
  2026 | D:3      | Reached skill level 1 in Ice Magic
  2026 | D:3      | Reached skill level 1 in Air Magic
  2026 | D:3      | Reached skill level 1 in Earth Magic
  2026 | D:3      | Reached skill level 1 in Poison Magic
  2129 | D:3      | Found a broken altar of Ashenzari.
  2298 | D:3      | Reached XP level 5. HP: 24/37 MP: 12/12
  2461 | D:4      | Found Vutainio's Antique Armour Boutique.
  2464 | D:4      | Noticed an ogre
  2473 | D:4      | Killed an ogre
  2507 | D:4      | Found a runed translucent door.
  2544 | D:4      | Reached XP level 6. HP: 32/44 MP: 13/13
  2678 | D:4      | Found a sand-covered staircase.
  2686 | Ossuary  | Entered an ossuary
  2977 | Ossuary  | Reached skill level 5 in Dodging
  3594 | D:4      | Reached XP level 7. HP: 18/50 MP: 15/15
  3838 | D:4      | Found a hazy altar of Hepliaklqana.
  3876 | D:4      | Noticed PeterMcNeter's ghost (amateur DEFE)
  4232 | D:5      | Entered Level 5 of the Dungeon
  4265 | D:5      | Noticed Ijyb
  4279 | D:5      | Killed Ijyb
  4511 | D:5      | Got a steaming robe
  4522 | D:5      | Identified the +1 robe "Cugoadd" {rC+} (You found it on
                  | level 5 of the Dungeon)
  4549 | D:5      | Got a bloodstained robe
  4567 | D:5      | Identified the +1 robe "Cozouz" {Rampage} (You found it on
                  | level 5 of the Dungeon)
  4715 | D:5      | HP: 2/51 [ice beast (13)]
  5519 | D:6      | Found an opulent altar of Gozag.
  5672 | D:6      | Reached XP level 8. HP: 19/57 MP: 16/16
  5908 | D:6      | Found a staircase to the Ecumenical Temple.
  5923 | Temple   | Entered the Ecumenical Temple
  5957 | Temple   | Became a worshipper of Cheibriados the Contemplative
  6443 | D:6      | Found a runed translucent door.
  6443 | D:6      | Noticed emiel's ghost (novice TrDe)
  6480 | D:6      | Found a shimmering altar of Xom.
  6502 | D:6      | Found a blossoming altar of Fedhas.
  6506 | D:6      | Found a shadowy altar of Dithmenos.
  6528 | D:6      | Found an opulent altar of Gozag.
  6832 | D:7      | Reached skill level 7 in Stealth
  7019 | D:7      | Reached * piety under Cheibriados
  7445 | D:7      | Reached XP level 9. HP: 59/65 MP: 18/18
  7871 | D:8      | Reached ** piety under Cheibriados
  8334 | D:8      | HP: 2/65 [harpy zombie (8)]
  8342 | D:8      | HP: 1/65 [harpy zombie (3)]
  8346 | D:8      | Identified a scroll of acquirement
  8350 | D:8      | Noticed a hellwing
  8354 | D:8      | Reached skill level 5 in Short Blades
  8356 | D:8      | HP: 2/65 [harpy zombie (8)]
  8356 | D:8      | Slain by a harpy zombie

Illustrated notes

Levels and vault maps discovered:
D:1:      dpeg_arrival_leaves_temple_mockup, layout_basic
D:2:      layout_basic, nicolae_ru_the_path_less_chosen
D:3:      layout_basic, old_standard_altar, marbit_many_paths,
          nicolae_overflow_crystal_walls
D:4:      layout_rooms, overflow_temple_1_default, ebering_ghost_sewer_d,
          lightli_ossuary_entry_decrepit_ruins, serial_shops, shop,
          kennysheep_boxes
D:5:      layout_loops_ring, uniq_ijyb
D:6:      layout_loops_ring, minitemple, temple_statues,
          hellmonk_ghost_happy_afterlife,
          nicolae_gozag_cash_rules_everything_around_me
D:7:      layout_loops_ring
D:8:      cheibrodos_grave_circle, layout_basic
Temple:   jpeg_temple_clearing

Skill      XL: |  1  2  3  4  5  6  7  8  9 |
---------------+----------------------------+-----
Spellcasting   | 5 6 |  6.6
Stealth        | 6 7 |  7.3
Invocations    | 1 2 3 4 |  4.5
Fighting       | 1 2 3 4 |  4.1
Long Blades    | 1 2 3 4 |  4.1
Axes           | 1 2 3 4 |  4.1
Maces & Flails | 1 2 3 4 |  4.1
Polearms       | 1 2 3 4 |  4.1
Staves         | 1 2 3 4 |  4.1
Slings         | 1 2 3 4 |  4.1
Bows           | 1 2 3 4 |  4.1
Crossbows      | 1 2 3 4 |  4.1
Throwing       | 1 2 3 4 |  4.1
Armour         | 1 2 3 4 |  4.1
Shields        | 1 2 3 4 |  4.1
Unarmed Combat | 1 2 3 4 |  4.1
Evocations     | 1 2 3 4 |  4.1
Conjurations   | 1 2 3 |  3.4
Summonings     | 1 2 3 |  3.4
Necromancy     | 1 2 3 |  3.4
Translocations | 1 2 3 |  3.4
Transmutations | 1 2 3 |  3.4
Fire Magic     | 1 2 3 |  3.4
Ice Magic      | 1 2 3 |  3.4
Air Magic      | 1 2 3 |  3.4
Earth Magic    | 1 2 3 |  3.4
Poison Magic   | 1 2 3 |  3.4
Short Blades   | 3 4 5 |  5.0
Dodging        | 5 6 |  6.2
Hexes          | 6 |  6.5

Action                   |  1- 3 |  4- 6 |  7- 9 || total
-------------------------+-------+-------+-------++-------
Melee: Dagger            |    17 |       |       ||    17
       Bite              |     2 |    21 |    63 ||    86
       Mace              |    46 |   144 |   450 ||   640
       Punch             |       |     3 |     4 ||     7
Invok: Bend Time         |       |       |     1 ||     1
Evoke: Wand              |       |       |     8 ||     8
  Use: Scroll            |       |     5 |    17 ||    22
       Potion            |       |       |     9 ||     9
 Stab: Sleeping          |     5 |       |     1 ||     6
Armor: Robe              |     8 |       |       ||     8
       Chain mail        |     9 |    51 |   298 ||   358
Dodge: Dodged            |    33 |    45 |   167 ||   245
Block: Other             |       |    29 |    24 ||    53
       Reflection        |       |     1 |     7 ||     8
       Kite shield       |       |       |   415 ||   415

Table legend: (Time is in decaauts)
 A = Elapsed time spent in this place.
 B = Non-inter-level travel time spent in this place.
 C = Inter-level travel time spent in this place.
 D = Time resting spent in this place.
 E = Time spent auto-exploring this place.
 F = Levels seen in this place.
 G = Mean time per level.
                   A        B        C        D        E       F      G
               +--------+--------+--------+--------+--------+-----+--------+
         Total |   8915 |   8714 |    201 |    100 |   6898 |  10 |  891.5 |
       Dungeon |   7969 |   7800 |    169 |    100 |   6166 |   8 |  996.1 |
        Temple |     52 |     21 |     31 |      0 |     18 |   1 |   52.0 |
       Ossuary |    893 |    893 |      0 |      0 |    714 |   1 |  893.0 |
               +--------+--------+--------+--------+--------+-----+--------+

Top non-repeatable levels by time:
     D:7: 1344 daAuts
     D:5: 1332 daAuts
     D:6: 1220 daAuts
     D:3: 1081 daAuts
     D:4: 948 daAuts
 Ossuary: 893 daAuts
     D:2: 788 daAuts
     D:8: 667 daAuts
     D:1: 585 daAuts
  Temple: 52 daAuts
